 Dungeon Crawl Stone Soup version 0.23.2-33-g5129a83184 (webtiles) character file.

Game seed: 14800286841392948959

55 psyvane the Vexing (level 4, -1/26 HPs)
             Began as a Kobold Arcane Marksman on July 6, 2019.
             Slain by a hobgoblin
             ... wielding a +0 club
              (4 damage)
             ... on level 2 of the Dungeon.
             The game lasted 00:12:38 (2787 turns).

psyvane the Vexing (Kobold Arcane Marksman)         Turns: 2787, Time: 00:12:39

Health: -1/26      AC:  3    Str:  7    XL:     4   Next: 14%
Magic:  5/5        EV: 15    Int: 15    God:
Gold:   112        SH:  0    Dex: 15    Spells: 2/5 levels left

rFire    . . .     SeeInvis .   c - -2 dagger (curse)
rCold    . . .     Gourm    .   (shield restricted)
rNeg     . . .     Faith    .   e - +0 robe
rPois    .         Spirit   .   i - +0 helmet
rElec    .         Reflect  .   (no cloak)
rCorr    .         Harm     .   (no gloves)
MR       .....                  (no boots)
Stlth    ++........             (no amulet)
HPRegen  0.08/turn              (no ring)
MPRegen  0.09/turn              (no ring)

@: no status effects
A: small, carnivore
a: no special abilities


You were on level 2 of the Dungeon.
You were very hungry.

You visited 1 branch of the dungeon, and saw 3 of its levels.

You collected 112 gold pieces.

Inventory:

Hand Weapons
 a - a +0 hand crossbow
 c - a cursed -2 dagger (weapon)
 h - a +2 dagger of freezing
Missiles
 d - 51 bolts
Armour
 e - a +0 robe (worn)
 i - a +0 helmet (worn)
Jewellery
 g - an uncursed amulet of harm {unknown}
 k - a +4 ring of dexterity {unknown}
Scrolls
 j - a scroll of magic mapping {unknown}
 l - a scroll of identify {unknown}
Comestibles
 f - 5 rations


   Skills:
 - Level 2.2 Fighting
 - Level 1.8 Short Blades
 - Level 2.4 Crossbows
 - Level 2.4 Dodging
 * Level 1.1 Stealth
 - Level 1.1 Spellcasting
 - Level 3.8 Hexes


You had 2 spell levels left.
You knew the following spells:

 Your Spells              Type           Power        Failure   Level  Hunger
a - Corona                Hex            ##.....      4%          1    ##.....
b - Slow                  Hex            ##......     8%          2    ###....

Your spell library contained the following spells:

 Spells                   Type           Power        Failure   Level  Hunger
 Inner Flame              Hex/Fire       #.......     32%         3    ####...
 Portal Projectile        Hex/Tloc       #.....       32%         3    ####...
 Cause Fear               Hex            ##........   45%         4    #####..
 Leda's Liquefaction      Hex/Erth       #.........   73%         4    #####..


Dungeon Overview and Level Annotations

Branches:
Dungeon (3/15)

Altars:
Uskayaw

Annotations:
D:2 Sigmund
D:3 1 runed translucent door, Crazy Yiuf, Terence


Innate Abilities, Weirdness & Mutations

You are small and have problems with some larger weapons.
You are carnivorous and can eat meat at any time.


Message History

You barely miss the orc. The orc hits you with a +0 whip.
You hit the orc but do no damage. The orc closely misses you.
You hit the orc but do no damage. The orc hits you with a +0 whip.
You closely miss the orc. The orc hits you with a +0 whip.
The orc priest mumbles some strange prayers to Beogh against you.
Beogh smites you!
* * * LOW HITPOINT WARNING * * *
The orc wizard casts a spell.
The orc wizard flickers and vanishes!
Deactivating autopickup; reactivate with Ctrl-A.
The orc priest looks encouraged for a moment.
The orc priest begins to cast a cantrip, but forgets the words!
There is an escape hatch in the ceiling here.
A mysterious force pulls you upwards. The hatch slams shut behind you.
Level annotation: Sigmund Reactivating autopickup.
A rat comes into view.
The adder hisses angrily.
The hobgoblin hits you with a +0 club.
You die...

...# #..# #..#
########..#
.....Sr...#
##.#####..##.## #...
..S. #.## #..#####
#g.# #... ......#@#
#..#####.##.#.# #....
#.#.# #.# #..#####.
..#.# #.#
#........#..#.# #.#
#..#####....#.# #.#
#g......... #<### #.#
#.#######...#...##
#####.## #S#
#...##...######......#


You could see a hobgoblin.

Vanquished Creatures
  A gnoll (D:1)
  3 leopard geckos
  An orc (D:3)
  5 goblins
  7 hobgoblins
  2 jackals (D:1)
  6 bats
  4 frilled lizards
  5 kobolds
  7 rats
41 creatures vanquished.

Notes
Turn   | Place    | Note
-------+----------+-------------------------------------------
     0 | D:1      | psyvane the Kobold Arcane Marksman began the quest for the
                  | Orb.
     0 | D:1      | Reached XP level 1. HP: 12/12 MP: 2/2
    45 | D:1      | Reached XP level 2. HP: 16/16 MP: 3/3
   179 | D:1      | Reached XP level 3. HP: 21/21 MP: 4/4
   408 | D:1      | Learned a level 2 spell: Slow
   777 | D:2      | Noticed Sigmund
   965 | D:1      | Reached skill level 1 in Short Blades
  1691 | D:3      | Reached XP level 4. HP: 22/26 MP: 2/5
  1721 | D:3      | Found a runed translucent door.
  1722 | D:3      | Noticed Crazy Yiuf
  1972 | D:3      | Noticed Terence
  2006 | D:3      | HP: 1/26 [Terence/+0 mace (6)]
  2572 | D:3      | Reached skill level 1 in Stealth
  2718 | D:3      | Noticed a +0 hand axe
  2719 | D:3      | Noticed a +0 hand axe
  2721 | D:3      | Found a hide-covered altar of Uskayaw.
  2787 | D:2      | Slain by a hobgoblin

Skill      XL: |  1  2  3  4 |
---------------+-------------+-----
Fighting       | 2 |  2.2
Short Blades   | 1 |  1.8
Stealth        | 1 |  1.1
Crossbows      | |  2.4
Dodging        | |  2.4
Spellcasting   | |  1.1
Hexes          | |  3.8

Action                   |  1- 3 |  4- 6 || total
-------------------------+-------+-------++-------
Melee: Dagger            |   136 |   131 ||   267
 Fire: Hand crossbow     |    38 |       ||    38
 Cast: Slow              |     3 |     6 ||     9
       Corona            |     2 |     4 ||     6
  Use: Scroll            |     2 |     2 ||     4
       Potion            |     1 |       ||     1
 Stab: Sleeping          |     2 |       ||     2
  Eat: Chunk             |     3 |     1 ||     4
       Ration            |       |     1 ||     1
Armor: Robe              |    48 |     9 ||    57
Dodge: Dodged            |   142 |    80 ||   222
